 Dungeon Crawl Stone Soup version 0.26-a0-224-g2964c8cf50 (webtiles) character file.

Game seed: 7947518473903398788

341603 vurker the Cloud Mage (level 22, -12/140 HPs)
             Began as a Tengu Air Elementalist on July 6, 2020.
             Was the Champion of Vehumet.
             Killed from afar by a frost giant (13 damage)
             ... with a bolt of cold
             ... on level 4 of the Vaults.
             The game lasted 02:06:43 (81502 turns).

vurker the Cloud Mage (Tengu Air Elementalist)     Turns: 81502, Time: 02:06:43

Health: -12/140    AC: 11    Str: 12    XL:     22   Next: 1%
Magic:  44/51      EV: 17    Int: 22    God:    Vehumet [******]
Gold:   4412       SH: 35    Dex: 17    Spells: 12/51 levels left

rFire    + + .     SeeInvis +   s - +5 mace "Oteish" {freeze, rPois rF++ Dex+2}
rCold    + + .     Faith    .   S - +18 shield of the Gong {rElec rN+ MR+ EV-5}
rNeg     + . .     Spirit   .   V - +3 robe of Clouds {+Thunder rCloud rElec}
rPois    +         Reflect  +   p - +2 hat {MR+}
rElec    +         Harm     .   n - +0 cloak
rCorr    .                      f - +2 pair of gloves
MR       +++..                  (boots unavailable)
Stlth    ++........             D - amulet of reflection
HPRegen  0.33/turn              l - ring "Put-Me-On" {rC++ Str+2 SInv}
MPRegen  0.32/turn              L - ring of magical power

@: no potions, flying quickly and evasively, quick
A: beak, talons 3, clumsy 1, able to fly
}: 2/15 runes: decaying, gossamer
a: Stop Flying, Renounce Religion, Evoke Thunderclouds


You were on level 4 of the Vaults.
You worshipped Vehumet.
Vehumet was exalted by your worship.
You were not hungry.

You visited 7 branches of the dungeon, and saw 38 of its levels.
You visited the Abyss 1 time.

You collected 5933 gold pieces.
You spent 1521 gold pieces at shops.

Inventory:

Hand Weapons
 s - the +5 mace "Oteish" (weapon) {freeze, rPois rF++ Dex+2}
   (You found it on level 4 of the Dungeon)

   It has been specially enchanted to freeze those struck by it, causing extra
   injury to most foes and up to half again as much damage against particularly
   susceptible opponents.
   It can also slow down cold-blooded creatures.
   It affects your dexterity (+2).
   It greatly protects you from fire.
   It protects you from poison.
 J - the +3 war axe "Tuaric" {flame, rElec rF+ Int-2}
   (You took it off an orc warrior on level 1 of the Orcish Mines)

   It has been specially enchanted to burn those struck by it, causing extra
   injury to most foes and up to half again as much damage against particularly
   susceptible opponents.
   Big, fiery blades are also staple armaments of hydra-hunters.
   It affects your intelligence (-2).
   It protects you from fire.
   It insulates you from electricity.
 U - the +8 hand axe "Doys" {vorpal, *Noise rC+++ MP+9 Int+4}
   (You took it off a deep elf annihilator on level 3 of the Elven Halls)

   It inflicts extra damage upon your enemies.
   It affects your intelligence (+4).
   It renders you almost immune to cold.
   It affects your magic capacity (+9).
   It may make noises in combat.
Missiles
 E - 4 throwing nets (quivered)
Armour
 f - a +2 pair of gloves (worn)
   (You found it on level 4 of the Dungeon)
 n - a +0 cloak (worn)
   (You took it off Crazy Yiuf on level 4 of the Dungeon)
 p - a +2 hat of magic resistance (worn)
   (You took it off Gastronok on level 1 of the Lair of Beasts)
 S - the +18 shield of the Gong (worn) {rElec rN+ MR+ EV-5}
   (You found it on level 3 of the Swamp)

   It affects your evasion (-5).
   It insulates you from electricity.
   It protects you from negative energy.
   It affects your resistance to hostile enchantments.
 V - the +3 robe of Clouds (worn) {+Thunder rCloud rElec}
   (You took it off a deep elf annihilator on level 3 of the Elven Halls)

   It insulates you from electricity.
Jewellery
 l - the ring "Put-Me-On" (left hand) {rC++ Str+2 SInv}
   (You bought it in a shop on level 2 of the Orcish Mines)

   [ring of see invisible]

   It affects your strength (+2).
   It greatly protects you from cold.
   It lets you see invisible.
 C - an uncursed ring of protection from cold
   (You found it on level 7 of the Dungeon)
 D - an amulet of reflection (around neck)
   (You found it on level 7 of the Dungeon)
 L - a ring of magical power (right hand)
   (You bought it in a shop on level 10 of the Dungeon)
 T - an uncursed ring of protection from fire
   (You found it on level 1 of the Elven Halls)
Wands
 c - a wand of disintegration (10)
   (You found it on level 2 of the Lair of Beasts)
 d - a wand of iceblast (30)
   (You found it on level 5 of the Dungeon)
 u - a wand of paralysis (52)
   (You found it on level 8 of the Dungeon)
 v - a wand of digging (46)
   (You found it on level 10 of the Dungeon)
 x - a wand of acid (19)
   (You took it off a deep elf mage on level 3 of the Elven Halls)
 H - a wand of polymorph (28)
   (You found it on level 1 of the Spider Nest)
 M - a wand of enslavement (11)
   (You found it on level 11 of the Dungeon)
Scrolls
 h - 8 scrolls of enchant armour
 o - 9 scrolls of identify
 r - 7 scrolls of vulnerability
 t - 2 scrolls of silence
 y - 6 scrolls of fog
 A - 3 scrolls of immolation
 B - 5 scrolls of teleportation
 G - 2 scrolls of fear
 K - 4 scrolls of blinking
 O - 15 scrolls of remove curse
 P - 4 scrolls of magic mapping
 X - a scroll of summoning
Potions
 a - 7 potions of mutation
 b - 5 potions of heal wounds
 g - 18 potions of curing
 i - 2 potions of magic
 j - 3 potions of lignification
 k - 6 potions of haste
 m - 3 potions of cancellation
 q - 4 potions of invisibility
 w - 2 potions of resistance
 z - 3 potions of brilliance
 Q - 7 potions of ambrosia
Comestibles
 e - 16 rations


   Skills:
 - Level 15.3 Fighting
 - Level 10.0 Dodging
 - Level 2.0 Stealth
 * Level 12.4 Shields
 + Level 15.1 Spellcasting
 - Level 15.0 Conjurations
 * Level 13.2 Ice Magic
 + Level 24.7 Air Magic
   Level 5.0 Poison Magic


You had 12 spell levels left.
You knew the following spells:

 Your Spells              Type           Power        Failure   Level
a - Tornado               Air            #######...   5%          9
b - Ozocubu's Refrigerat  Ice            ######....   1%          6
c - Orb of Destruction    Conj           ######....   2%          7
d - Chain Lightning       Conj/Air       #######...   2%          8
f - Absolute Zero         Ice            ######....   99%         9

Your spell library contained the following spells:

 Spells                   Type           Power        Failure   Level
 Shatter                  Erth           ###.......   100%        9
 Freeze                   Ice            ####         0%          1
 Shock                    Conj/Air       ####         0%          1
 Poisonous Vapours        Pois/Air       ######       0%          2
 Static Discharge         Conj/Air       #######.     0%          3
 Airstrike                Air            #######...   0%          4
 Sandblast                Erth           ###...       1%          1
 Sting                    Tmut/Pois      ####         1%          1
 Ensorcelled Hibernation  Hex/Ice        #####.       1%          2
 Swiftness                Chrm/Air       ######..     1%          2
 Conjure Flame            Conj/Fire      #####...     1%          3
 Dazzling Flash           Conj/Hex       #####.       1%          3
 Frozen Ramparts          Ice            ######       1%          3
 Mephitic Cloud           Conj/Pois/Air  ######..     1%          3
 Ozocubu's Armour         Chrm/Ice       #####...     1%          3
 Stone Arrow              Conj/Erth      #####.       1%          3
 Hailstorm                Conj/Ice       ######..     1%          4
 Olgreb's Toxic Radiance  Pois           #####...     1%          4
 Summon Lightning Spire   Summ/Air       ######..     1%          4
 Fireball                 Conj/Fire      #####.....   1%          5
 Lightning Bolt           Conj/Air       #######...   1%          5
 Freezing Cloud           Conj/Ice/Air   #######...   1%          6
 Ignite Poison            Fire/Tmut/Pois ###.....     2%          3
 Ice Form                 Ice/Tmut       #####...     3%          4
 Summon Ice Beast         Ice/Summ       #####...     3%          4
 Animate Skeleton         Necr           N/A          4%          1
 Apportation              Tloc           ###...       4%          1
 Beastly Appendage        Tmut           ###...       4%          1
 Corona                   Hex            ###....      4%          1
 Infusion                 Chrm           ###.         4%          1
 Summon Butterflies       Summ           ###.....     4%          1
 Summon Small Mammal      Summ           ###.         4%          1
 Spider Form              Tmut/Pois      ####......   5%          3
 Call Imp                 Summ           ###.....     8%          2
 Passwall                 Tmut/Erth      ###.....     8%          2
 Shroud of Golubria       Chrm/Tloc      ###...       8%          2
 Sticks to Snakes         Tmut           ###.....     8%          2
 Metabolic Englaciation   Hex/Ice        #####.....   9%          5
 Starburst                Conj/Fire      #####.....   10%         6
 Call Canine Familiar     Summ           ###.....     14%         3
 Confusing Touch          Hex            ###.....     14%         3
 Gell's Gravitas          Tloc           ###.......   14%         3
 Portal Projectile        Hex/Tloc       ###...       14%         3
 Spectral Weapon          Hex/Chrm       ###.....     14%         3
 Summon Guardian Golem    Hex/Summ       ###.....     14%         3
 Tukima's Dance           Hex            ###.....     14%         3
 Lee's Rapid Deconstruct  Erth           ###.......   32%         5
 Yara's Violent Unravell  Hex/Tmut       ###.......   32%         5
 Petrify                  Tmut/Erth      ###.....     43%         4
 Simulacrum               Ice/Necr       #####.....   45%         6
 Blade Hands              Tmut           ###.......   80%         5
 Summon Mana Viper        Hex/Summ       ###.....     80%         5
 Lehudib's Crystal Spear  Conj/Erth      #####.....   96%         8
 Dragon Form              Tmut           ###.......   100%        7
 Haunt                    Necr/Summ      ###.......   100%        7
 Ring of Flames           Chrm/Fire      ###.......   100%        7
 Summon Hydra             Summ           ###.......   100%        7
 Borgnjor's Revivificati  Necr           ###.......   100%        8
 Death's Door             Chrm/Necr      ###.......   100%        8
 Ignition                 Fire           ###.......   100%        8
 Infestation              Necr           ###.......   100%        8
 Necromutation            Tmut/Necr      ###.......   100%        8
 Fire Storm               Conj/Fire      #####.....   100%        9


Dungeon Overview and Level Annotations

Branches:
Dungeon (15/15)            Temple (0/1) D:7            Lair (6/6) D:9
  Swamp (4/4) Lair:4       Spider (4/4) Lair:2        Slime (0/5) Lair:6
    Orc (2/2) D:10            Elf (3/3) Orc:2        Vaults (4/5) D:14
  Crypt (0/3) Vaults:2     Depths (0/5) D:15

Altars:
Ashenzari
Cheibriados
Fedhas
Gozag
Kikubaaqudgha
Makhleb
Nemelex Xobeh
Okawaru
Qazlal
Ru
Sif Muna
Trog
Vehumet
Yredelemnul
Zin
Beogh
Jiyva

Shops:
D:4 !   D:6 *   D:8 =   D:10 =   D:14 %   D:15 !   Orc:2 (:==   Elf:1 !=*(
Elf:2 [   Vaults:3 (

Annotations:
D:5 1 runed translucent door, olaf's ghost, novice KoBe
Lair:1 3 runed translucent doors, Fedex's ghost, journeyman GnWr
Lair:4 3 runed translucent doors, Cobof's ghost, journeyman OpVM
Elf:2 4 runed translucent doors, Dyalist's ghost, legendary GnFi
Vaults:4 Mara


Innate Abilities, Weirdness & Mutations

You have a beak for a mouth.
You have claws for feet.
You can fly continuously.
You are clumsy. (Dex -2)


Message History

The bolt of cold misses you.
The frost giant points at you and mumbles some strange words.
The bolt of cold hits you! You resist.
The ogre mage mumbles some strange words.
The ogre mage blinks!
You see here a bolt.
A great vortex of raging winds appears around you.
The frost giant casts a spell at you.
The bolt of cold hits the frost giant!
The frost giant resists.
The bolt of cold hits you!! You resist.
The frost giant points at you and mumbles some strange words.
The bolt of cold hits you! You resist.
The ogre mage points at you and mumbles some strange words.
The bolt of cold misses you.
You kill the ogre mage!
Vehumet accepts your kill.
You feel your power returning.
The frost giant gestures at you while chanting.
The bolt of cold hits you! You resist.
* * * LOW HITPOINT WARNING * * *
Unknown command.
You cannot drink potions in your current state!
The frost giant gestures at you while chanting.
The bolt of cold hits you! You resist.
* * * LOW HITPOINT WARNING * * *
You hear a deafening roar!
You kill the rime drake!
Vehumet accepts your kill.
You feel your power returning.
The rime drake's shape twists and changes as it dies.
The frost giant casts a spell at you.
The bolt of cold hits you but does no damage.
You resist.
You hear a shout!
The frost giant points at you and mumbles some strange words.
The bolt of cold hits you!! You resist.
* * * LOW HITPOINT WARNING * * *
A warg comes into view.
The winds around you start to calm down.
The frost giant gestures at you while chanting.
The bolt of cold hits you! You resist.
* * * LOW HITPOINT WARNING * * *
The frost giant gestures at you while chanting.
The bolt of cold hits you! You resist.
* * * LOW HITPOINT WARNING * * *
You cannot drink potions in your current state!
Unknown command.
The frost giant gestures at you while chanting.
The bolt of cold hits you! You resist.
You die...

**********+** **,,,,,,,..#*
,,,,.......* **,*,,,#.##
,,,,.......* ****,*##*
,,,,.......* **+******
,,,,.......* #...,...#
,,,,...)...#########...,...#
*****#.))))#§§§§§§§#..#,...#
**** #.....#§§§§§§§#..##...#
*,,* #....W§h§§§@§§#..#....#
*,,**#....O#§§§§§§§#.......#
,**,,#....e#§e§§§§§#.......#
,**,.'....l#§§§§§§§#.<.....#
*,,*##.....#§§§§§§C#.......#
*,,**#..O..#§§§§§§C#.......#
,**,.'.....#§§§§§§§#...[#..#
,**,.#.....#§§§§§§§#...##..#
*,,***,,,,,#....§.§§....#,.#


You could see 2 frost giants, a two-headed ogre, a freezing wraith, a deep elf
mage and a warg.

Vanquished Creatures
  Sojobo (Vaults:2)
  Bai Suzhen (Vaults:2)
  Nikola (Swamp:3)
  Jorgrun (D:15)
  A deep elf master archer (Elf:3)
  A deep elf blademaster (Elf:3)
  Gastronok (Lair:1)
  A tentacled starspawn (Abyss:3)
  2 tengu reavers (Vaults:2)
  2 sphinxes
  A thorn hunter (Swamp:1)
  Agnes (Spider:1)
  Donald (Vaults:1)
  A fire giant (D:14)
  7 deep elf sorcerers
  A frost giant (Vaults:4)
  3 ghost moths
  2 orc warlords (Orc:1)
  6 emperor scorpions
  4 vault wardens
  A deep elf elementalist (Elf:3)
  12 ironheart preservers
  8 stone giants
  4 entropy weavers
  A vampire knight (D:14)
  Nessos (Lair:5)
  3 deep elf demonologists
  2 spark wasps (Spider:4)
  12 deep elf annihilators
  7 deep elf death magi
  An ettin (Vaults:2)
  A crystal guardian (Vaults:2)
  4 fire dragons
  6 ogre magi
  Josephine (D:13)
  A great orb of eyes (Vaults:1)
  8 deep elf high priests (Elf:3)
  3 yaktaur captains
  Erolcha (Orc:2)
  Fannar (Lair:2)
  13 hydras
  6 ice dragons
  2 ghost crabs (Swamp:3)
  9 centaur warriors
  2 shambling mangroves
  7 vault guards
  A catoblepas (Lair:6)
  A merfolk avatar (Lair:6)
  An alligator snapping turtle (shapeshifter) (D:15)
  12 dancing weapons
  4 alligators
  An alligator (shapeshifter) (Vaults:3)
  A deep troll shaman (Vaults:2)
  12 two-headed ogres
  An orc high priest (Orc:2)
  4 tengu warriors
  Urug (Lair:1)
  A wretched star (Abyss:3)
  A hell knight (Vaults:2)
  8 deep elf knights
  Sonja (Lair:5)
  3 spriggans
  2 fire crabs (Swamp:4)
  A shadow wraith (Vaults:2)
  A sixfirhy (Abyss:3)
  5 skeletal warriors (D:12)
  7 deep trolls
  2 glowing orange brains
  A swamp dragon (shapeshifter) (Elf:2)
  5 unseen horrors
  9 swamp dragons
  5 spriggan druids
  3 wizards
  Pikel (D:6)
  9 harpies
  64 deep elf magi
  A wolf spider zombie (D:13)
  14 orc knights
  A harpy (shapeshifter) (D:15)
  19 deep elf archers
  30 orb spiders
  11 ironbrand convokers
  A mana viper (shapeshifter) (Vaults:3)
  39 ugly things
  2 human zombies
  2 necromancers
  6 orc sorcerers
  4 manticores
  A faun (shapeshifter) (Elf:3)
  36 wolf spiders
  5 moths of wrath
  4 cyclopes
  5 vault sentinels
  16 elephants
  Maurice (D:11)
  2 torpor snails (Spider:3)
  Psyche (D:8)
  10 cane toads
  7 black mambas
  3 human skeletons
  A gargoyle (D:12)
  A rime drake (Lair:6)
  A rime drake (shapeshifter) (Vaults:4)
  3 kobold demonologists
  10 yaktaurs
  2 efreet (D:14)
  5 freezing wraiths
  12 komodo dragons
  10 demonic crawlers
  A yaktaur skeleton (Vaults:3)
  3 meliai (D:15)
  5 trolls
  Prince Ribbit (D:6)
  A tengu conjurer (D:15)
  27 jumping spiders
  13 tyrant leeches
  2 wind drakes (Lair:6)
  13 hornets
  8 polar bears
  A stone giant simulacrum (Vaults:3)
  10 blink frogs
  34 slime creatures
  7 bog bodies
  Grinder (D:5)
  3 raiju (Abyss:3)
  12 hippogriffs
  2 frost giant simulacra (Vaults:2)
  27 tarantellas
  A centaur simulacrum (D:14)
  An ettin skeleton (Vaults:3)
  7 air elementals
  60 redbacks
  54 yaks
  2 shadows
  A tarantella (shapeshifter) (Vaults:4)
  7 wyverns
  4 vampires
  3 water elementals
  7 wraiths
  A yak (shapeshifter) (Vaults:3)
  5 fire elementals
  A human (D:7)
  A steam dragon (Swamp:4)
  2 basilisks
  A basilisk (shapeshifter) (Elf:3)
  4 hogs
  A neqoxec (Abyss:3)
  15 vampire mosquitoes
  Edmund (D:5)
  Menkaure (D:5)
  2 human simulacra (Vaults:1)
  17 swamp worms
  11 wargs
  A spatial vortex (Abyss:3)
  5 insubstantial wisps
  8 porcupines
  12 water moccasins
  9 swamp drakes
  2 ice beasts
  48 orc warriors
  5 sky beasts
  2 eyes of draining
  12 boggarts
  2 black bears
  An ogre (shapeshifter) (D:15)
  27 ogres
  5 phantoms
  18 centaurs
  3 wolves (Lair:1)
  12 crocodiles
  2 lemures
  A crocodile (shapeshifter) (Vaults:1)
  3 big kobolds
  23 bullfrogs
  6 earth elementals
  A gnoll sergeant (D:9)
  A wyvern zombie (D:12)
  3 scorpions
  6 killer bees (D:9)
  14 wights
  A howler monkey (D:11)
  2 electric eels (Lair:4)
  A lava snake (Swamp:4)
  4 centaur zombies
  6 crimson imps (D:13)
  2 bullfrog zombies
  7 hounds
  2 quasits
  3 bullfrog skeletons
  4 jellies
  Crazy Yiuf (D:4)
  26 orc priests
  A gnoll shaman (D:6)
  43 orc wizards
  3 centaur skeletons
  9 iguanas
  13 worker ants
  Natasha (thrice) (D:2)
  2 killer bee zombies
  A hound zombie (D:7)
  A hound skeleton (D:7)
  A howler monkey zombie (D:5)
  17 gnolls
  A gnoll (shapeshifter) (Vaults:1)
  A worker ant zombie (D:9)
  12 adders
  4 shadow imps
  18 white imps
  3 ufetubi
  2 oozes
  An adder zombie (D:6)
  2 adder skeletons (D:4)
  A worm (D:2)
  2 dart slugs
  10 leopard geckos
  124 orcs
  9 giant cockroaches
  6 goblins
  4 hobgoblins
  8 jackals
  21 kobolds
  3 quokkas
  7 bats
  5 frilled lizards
  2 jackal skeletons
  8 rats
  7 briar patches (Swamp:1)
  5 plants (Swamp:1)
1622 creatures vanquished.

Vanquished Creatures (collateral kills)
  2 ball lightnings
2 creatures vanquished.

Vanquished Creatures (others)
  A hydra (Swamp:4)
  A lindwurm (Swamp:4)
  An orc knight (Vaults:4)
  An orb spider (Spider:1)
  A wizard (D:3)
  A steam dragon (Swamp:4)
  A warg (Vaults:4)
  3 insubstantial wisps (Swamp:4)
  110 ball lightnings
  8 swamp drakes (Swamp:4)
  21 fungi
  19 plants
  3 starspawn tentacles (Abyss:3)
171 creatures vanquished.

Grand Total: 1795 creatures vanquished

Notes
Turn   | Place    | Note
-------+----------+-------------------------------------------
     0 | D:1      | vurker the Tengu Air Elementalist began the quest for the
                  | Orb.
     0 | D:1      | Reached XP level 1. HP: 10/10 MP: 4/4
   156 | D:1      | Reached XP level 2. HP: 16/16 MP: 3/6
  1110 | D:1      | Reached XP level 3. HP: 20/20 MP: 2/7
  1262 | D:2      | Reached skill level 1 in Fighting
  2025 | D:2      | Reached skill level 5 in Air Magic
  2082 | D:2      | Reached XP level 4. HP: 25/25 MP: 6/8
  2222 | D:2      | Noticed Natasha
  2227 | D:2      | Killed Natasha
  2285 | D:2      | Found a burning altar of Makhleb.
  2426 | D:2      | Noticed Natasha
  2434 | D:2      | Killed Natasha
  2573 | D:2      | Noticed Natasha
  2580 | D:2      | Killed Natasha
  2580 | D:2      | Gained mutation: You can fly continuously. [Tengu growth]
  2580 | D:2      | Reached XP level 5. HP: 28/30 MP: 1/10
  2863 | D:2      | Found a burning altar of Makhleb.
  3251 | D:2      | Learned a level 5 spell: Lightning Bolt
  3282 | D:3      | Found a radiant altar of Vehumet.
  3284 | D:3      | Found a sparkling altar of Nemelex Xobeh.
  3292 | D:3      | Became a worshipper of Vehumet
  3565 | D:3      | Reached skill level 6 in Air Magic
  4121 | D:3      | Reached XP level 6. HP: 35/35 MP: 7/11
  4127 | D:3      | Learned a level 4 spell: Airstrike
  4411 | D:3      | Found an opulent altar of Gozag.
  4736 | D:3      | Found a bloodstained altar of Trog.
  4737 | D:3      | Noticed a wizard
  4741 | D:3      | Killed a wizard
  5638 | D:4      | Found an iron altar of Okawaru.
  5662 | D:4      | Found a runed translucent door.
  5663 | D:4      | Noticed Crazy Yiuf
  5668 | D:4      | Killed Crazy Yiuf
  5668 | D:4      | Reached skill level 7 in Air Magic
  5668 | D:4      | Reached XP level 7. HP: 40/40 MP: 3/13
  5677 | D:4      | Got a smoking mace
  5678 | D:4      | Identified the +5 mace "Oteish" {freeze, rPois rF++ Dex+2}
                  | (You found it on level 4 of the Dungeon)
  5848 | D:4      | Found Bedut's Distillery.
  5856 | D:4      | Bought a potion of heal wounds for 50 gold pieces
  5878 | D:5      | Entered Level 5 of the Dungeon
  5893 | D:5      | Reached * piety under Vehumet
  5893 | D:5      | Offered knowledge of Freeze by Vehumet.
  6381 | D:5      | Noticed Menkaure
  6398 | D:5      | Killed Menkaure
  6528 | D:5      | Found a runed translucent door.
  6529 | D:5      | Noticed olaf's ghost (novice KoBe)
  6531 | D:5      | Noticed a vampire
  6564 | D:5      | Noticed Edmund
  6638 | D:5      | Noticed Grinder
  6645 | D:5      | Killed Grinder
  6645 | D:5      | Reached skill level 5 in Conjurations
  6645 | D:5      | Reached skill level 8 in Air Magic
  6645 | D:5      | Reached XP level 8. HP: 48/48 MP: 4/15
  6896 | D:5      | Identified the cursed +2 trident of Mixim {vorpal, rC+
                  | Str+4}
  7127 | D:5      | Found a blossoming altar of Fedhas.
  7206 | D:5      | Killed Edmund
  7344 | D:5      | Reached skill level 9 in Air Magic
  7782 | D:6      | Found a sacrificial altar of Ru.
  7784 | D:6      | Found a snail-covered altar of Cheibriados.
  7788 | D:6      | Found a stormy altar of Qazlal.
  7791 | D:6      | Found an ancient bone altar of Kikubaaqudgha.
  8023 | D:6      | Found Moav's General Store.
  8026 | D:6      | Bought a scroll of identify for 26 gold pieces
  8037 | D:6      | Noticed Prince Ribbit
  8127 | D:6      | Killed Prince Ribbit
  8200 | D:6      | Offered knowledge of Foxfire by Vehumet.
  8325 | D:6      | Reached skill level 10 in Air Magic
  8325 | D:6      | Reached XP level 9. HP: 52/52 MP: 8/17
  8954 | D:7      | Noticed Pikel
  8955 | D:7      | Reached ** piety under Vehumet
  9068 | D:7      | Reached skill level 5 in Fighting
  9068 | D:7      | Reached skill level 5 in Spellcasting
  9300 | D:6      | Killed Pikel
  9514 | D:7      | Reached skill level 11 in Air Magic
 10020 | D:7      | Reached XP level 10. HP: 60/60 MP: 8/19
 10158 | D:7      | Offered knowledge of Inner Flame by Vehumet.
 10411 | D:7      | Reached skill level 12 in Air Magic
 10569 | D:7      | Found a staircase to the Ecumenical Temple.
 11184 | D:8      | Reached *** piety under Vehumet
 11614 | D:8      | Noticed a two-headed ogre
 11653 | D:8      | Killed a two-headed ogre
 11844 | D:8      | Offered knowledge of Hailstorm by Vehumet.
 12335 | D:8      | Noticed Psyche
 12338 | D:8      | Killed Psyche
 12338 | D:8      | Reached skill level 13 in Air Magic
 12694 | D:8      | Found Intomn's Jewellery Boutique.
 13129 | D:9      | Found a glowing silver altar of Zin.
 13150 | D:9      | Reached skill level 1 in Shields
 13282 | D:9      | Found a staircase to the Lair.
 13542 | D:9      | Reached XP level 11. HP: 57/67 MP: 6/22
 13801 | D:9      | Reached **** piety under Vehumet
 14569 | D:9      | Offered knowledge of Bolt of Magma by Vehumet.
 14576 | D:9      | Reached skill level 10 in Conjurations
 14869 | D:10     | Entered Level 10 of the Dungeon
 15619 | D:10     | Found a staircase to the Orcish Mines.
 15664 | D:10     | Killed an unseen horror
 15929 | D:10     | Reached skill level 14 in Air Magic
 15998 | D:10     | Found Orreth Xiank's Jewellery Boutique.
 16015 | D:10     | Bought an uncursed ring of magical power for 260 gold
                  | pieces
 16478 | D:11     | Noticed a deep elf mage
 16481 | D:11     | Killed a deep elf mage
 16481 | D:11     | Noticed a deep elf mage
 16482 | D:11     | Noticed a deep elf mage
 16490 | D:11     | Killed a deep elf mage
 16580 | D:11     | Killed a deep elf mage
 16611 | D:11     | Noticed an ice dragon
 16784 | D:11     | Noticed a fire dragon
 17397 | D:11     | Got a crude chain mail
 17464 | D:9      | Identified the +6 chain mail "Taqokk" {rF++ Int+2} (You
                  | found it on level 11 of the Dungeon)
 17476 | Lair:1   | Entered Level 1 of the Lair of Beasts
 17565 | Lair:1   | Reached skill level 5 in Dodging
 17565 | Lair:1   | Reached XP level 12. HP: 74/74 MP: 11/24
 17943 | Lair:1   | Noticed Gastronok
 17943 | Lair:1   | Noticed Urug
 17978 | Lair:1   | Reached ***** piety under Vehumet
 17991 | Lair:1   | Killed Gastronok
 17991 | Lair:1   | Reached skill level 15 in Air Magic
 18054 | Lair:1   | Killed Urug
 18730 | Lair:1   | Offered knowledge of Iron Shot by Vehumet.
 18894 | Lair:1   | Found a runed translucent gate.
 18894 | Lair:1   | Found a runed translucent gate.
 18895 | Lair:1   | Found a runed translucent gate.
 18898 | Lair:1   | Noticed Fedex's ghost (journeyman GnWr)
 19320 | Lair:2   | Noticed Fannar
 19326 | Lair:2   | Killed Fannar
 19494 | Lair:2   | Reached skill level 16 in Air Magic
 19998 | Lair:2   | Found a hole to the Spider Nest.
 21049 | Lair:3   | Reached XP level 13. HP: 74/81 MP: 15/27
 21214 | Lair:3   | Reached skill level 17 in Air Magic
 21582 | Lair:3   | Reached skill level 10 in Fighting
 22774 | Lair:4   | Noticed an ice dragon
 22779 | Lair:4   | Killed an ice dragon
 23327 | Lair:4   | Found a runed translucent gate.
 23327 | Lair:4   | Found a runed translucent gate.
 23327 | Lair:4   | Found a runed translucent gate.
 23484 | Lair:4   | Found a staircase to the Swamp.
 24034 | Lair:4   | Noticed Cobof's ghost (journeyman OpVM)
 24054 | Lair:5   | Noticed Sonja
 24058 | Lair:5   | Killed Sonja
 24058 | Lair:5   | Reached skill level 18 in Air Magic
 24307 | Lair:5   | Noticed Nessos
 24310 | Lair:5   | Killed Nessos
 24310 | Lair:5   | Reached skill level 10 in Spellcasting
 25547 | Lair:6   | Entered Level 6 of the Lair of Beasts
 25833 | Lair:6   | Reached XP level 14. HP: 79/90 MP: 5/29
 26354 | Lair:6   | Reached skill level 19 in Air Magic
 26789 | Lair:6   | Found a staircase to the Slime Pits.
 26789 | Lair:6   | Found a viscous altar of Jiyva.
 27365 | Lair:6   | Offered knowledge of Sticky Flame by Vehumet.
 29023 | D:11     | Noticed Maurice
 29086 | D:11     | Killed Maurice
 29666 | D:11     | Reached skill level 20 in Air Magic
 29914 | D:11     | Identified the +2 leather armour of Bad Feelings {Harm
                  | *Slow +Fly Slay-4}
 29963 | D:11     | Got a slimy scale mail
 30085 | D:11     | Identified the +5 scale mail of the Bulwark {Harm +Fly
                  | rPois rF+} (You found it on level 11 of the Dungeon)
 30168 | Orc:1    | Entered Level 1 of the Orcish Mines
 30505 | Orc:2    | Entered Level 2 of the Orcish Mines
 31122 | Orc:1    | Noticed an orc warlord
 31426 | Orc:1    | Killed an orc warlord
 32352 | Orc:2    | Learned a level 4 spell: Olgreb's Toxic Radiance
 32460 | Orc:1    | Offered knowledge of Orb of Destruction by Vehumet.
 32469 | Orc:1    | Learned a level 7 spell: Orb of Destruction
 32501 | Orc:1    | Noticed an orc warlord
 32522 | Orc:1    | Killed an orc warlord
 32522 | Orc:1    | Reached skill level 1 in Poison Magic
 32522 | Orc:1    | Reached XP level 15. HP: 96/96 MP: 13/31
 32820 | Orc:1    | Identified the cursed +3 war axe "Tuaric" {flame, rElec rF+
                  | Int-2}
 33154 | Orc:1    | You are sucked into a shaft and drop 1 floor!
 33486 | Orc:2    | Found a roughly hewn altar of Beogh.
 33557 | Orc:2    | Found a staircase to the Elven Halls.
 33942 | Orc:2    | Noticed Erolcha
 33946 | Orc:2    | Killed Erolcha
 34533 | Orc:2    | Offered knowledge of Yara's Violent Unravelling by Vehumet.
 35333 | Orc:2    | Found Diok's Book Shop.
 35333 | Orc:2    | Found Hoifi's Jewellery Boutique.
 35334 | Orc:2    | Found Asahafaqi's Jewellery Boutique.
 35337 | Orc:2    | Found Zehyebem's Antique Weapon Shop.
 36043 | D:12     | Reached ****** piety under Vehumet
 37388 | D:12     | Reached skill level 21 in Air Magic
 38655 | D:13     | Noticed Josephine
 38858 | D:13     | Killed Josephine
 39251 | D:13     | Reached skill level 5 in Poison Magic
 39385 | D:13     | Offered knowledge of Conjure Ball Lightning by Vehumet.
 39394 | D:13     | Learned a level 6 spell: Conjure Ball Lightning
 39672 | D:13     | Found a glowing silver altar of Zin.
 40657 | D:14     | Found a shimmering blue altar of Sif Muna.
 41313 | D:14     | Found Miats's Food Shoppe.
 41452 | D:14     | Found an opulent altar of Gozag.
 41452 | D:14     | Found a shattered altar of Ashenzari.
 41482 | D:14     | Reached XP level 16. HP: 52/103 MP: 4/32
 41899 | D:15     | Entered Level 15 of the Dungeon
 42166 | D:15     | Noticed Jorgrun
 42179 | D:15     | Killed Jorgrun
 42898 | D:15     | Offered knowledge of Iskenderun's Battlesphere by Vehumet.
 42924 | D:15     | Noticed an azure jelly
 42924 | D:15     | an iron troll changed into an azure jelly
 42928 | D:15     | an azure jelly changed into an alligator snapping turtle
 43369 | D:15     | Reached skill level 22 in Air Magic
 43703 | D:15     | Found Huxunkam's Distillery.
 43706 | D:15     | Bought a potion of magic for 112 gold pieces
 43706 | D:15     | Bought a potion of heal wounds for 70 gold pieces
 44258 | D:15     | Found a staircase to the Depths.
 44535 | Spider:1 | Entered Level 1 of the Spider Nest
 44668 | Spider:1 | Noticed Agnes
 44678 | Spider:1 | Killed Agnes
 46802 | Spider:2 | Offered knowledge of Ozocubu's Refrigeration by Vehumet.
 46810 | Spider:2 | Learned a level 6 spell: Ozocubu's Refrigeration
 47148 | Spider:2 | Reached XP level 17. HP: 109/109 MP: 22/34
 47238 | Spider:2 | Reached skill level 1 in Ice Magic
 49746 | Spider:4 | Entered Level 4 of the Spider Nest
 51168 | Spider:3 | Reached skill level 15 in Conjurations
 51821 | Spider:4 | Reached skill level 5 in Ice Magic
 51970 | Spider:4 | Offered knowledge of Shatter by Vehumet.
 51970 | Spider:4 | Offered knowledge of Tornado by Vehumet.
 54352 | Spider:4 | Learned a level 9 spell: Tornado
 54499 | Spider:4 | Reached XP level 18. HP: 114/116 MP: 16/36
 55210 | Spider:4 | Got a gossamer rune of Zot
 55504 | Swamp:1  | Entered Level 1 of the Swamp
 57239 | Swamp:2  | Reached skill level 23 in Air Magic
 58775 | Swamp:3  | Got a smoking dagger
 58776 | Swamp:3  | Identified the +7 dagger of Eternal Vigilance {distort, rF+
                  | Str+4 Int+2} (You found it on level 3 of the Swamp)
 58777 | Swamp:3  | Cast into level 3 of the Abyss (unwielding a weapon of
                  | distortion)
 58986 | Swamp:3  | Escaped the Abyss
 59547 | Swamp:3  | Noticed Nikola
 59554 | Swamp:3  | Killed Nikola
 59853 | Swamp:3  | Found the +18 shield of the Gong {rElec rN+ MR+ EV-5}
 60014 | Swamp:3  | Got a bloodstained scale mail
 60015 | Swamp:3  | Identified the +2 scale mail of Minor Irritation {+Inv rF+
                  | rC-} (You found it on level 3 of the Swamp)
 60749 | Swamp:4  | Entered Level 4 of the Swamp
 62298 | Swamp:4  | Got a decaying rune of Zot
 63478 | Elf:1    | Entered Level 1 of the Elven Halls
 63480 | Elf:1    | Reached XP level 19. HP: 122/122 MP: 37/37
 64204 | Elf:1    | Reached skill level 5 in Shields
 64474 | Elf:1    | Found Hadigeit's Distillery.
 64477 | Elf:1    | Found Taur's General Store.
 64477 | Elf:1    | Found Zaongaism's Jewellery Shoppe.
 64551 | Elf:1    | Found Goff's Antique Weapon Emporium.
 64553 | Elf:1    | Bought a potion of heal wounds for 70 gold pieces
 64553 | Elf:1    | Bought a potion of haste for 140 gold pieces
 65716 | Elf:2    | Found Qosmep Baewn's Antique Armour Emporium.
 65725 | Elf:2    | Bought a twisted robe for 182 gold pieces
 65725 | Elf:2    | Identified the +1 robe "Ruabb" {*Drain rF+ Dex+4 Stlth+}
                  | (You bought it in a shop on level 2 of the Elven Halls)
 65741 | Elf:2    | Identified the cursed +1 leather armour of the Hall of
                  | Blades {Harm Str+3 Slay+3}
 65920 | Elf:2    | Reached skill level 10 in Dodging
 66404 | Elf:2    | Found a runed translucent gate.
 66404 | Elf:2    | Found a runed translucent gate.
 66405 | Elf:2    | Found a runed translucent gate.
 66506 | Elf:1    | Gained mutation: You are clumsy. (Dex -2) [mutagenic glow]
 67019 | Elf:2    | Found a runed translucent door.
 67071 | Elf:2    | Noticed Dyalist's ghost (legendary GnFi)
 67287 | Elf:3    | Entered Level 3 of the Elven Halls
 67564 | Elf:3    | Reached skill level 24 in Air Magic
 68753 | Elf:3    | Identified the +8 quick blade "Jire" {vorpal, Fragile rN++
                  | MR+}
 68754 | Elf:3    | Identified the cursed +0 war axe of the Dark Horse {drain,
                  | Fragile MR++ Int+4}
 69009 | Elf:3    | Identified the +8 hand axe "Doys" {vorpal, *Noise rC+++
                  | MP+9 Int+4}
 69018 | Elf:3    | HP: 6/123 [deep elf death mage/bolt of negative energy
                  | (49)]
 69459 | Elf:3    | Reached skill level 15 in Fighting
 69459 | Elf:3    | Reached skill level 10 in Ice Magic
 69501 | Elf:3    | Reached XP level 20. HP: 108/129 MP: 2/39
 69900 | Elf:3    | Identified the cursed +0 leather armour of the Planets
                  | {-Tele rN+ Int+5}
 70384 | Elf:3    | Identified the ring "Moent" {Fire Dex+4}
 70451 | Elf:3    | Identified the cursed +1 chain mail "Xeleerghu" {+Blink
                  | rElec MR- Stlth-}
 70677 | Elf:3    | Got an iridescent hunting sling
 70724 | Elf:3    | Identified the Volume of the Several Tables
 70727 | Elf:3    | Identified the Incunabulum of the Rocks and Aid
 70732 | Elf:3    | Identified the Volume of Mutagenic Toxins
 70819 | Elf:3    | Identified the Papyrus of Feathers
 70822 | Elf:3    | Got a fading dagger
 70823 | Elf:3    | Identified the +1 dagger of the Hidden Vale {vorpal,
                  | Stlth+} (You found it on level 3 of the Elven Halls)
 71407 | D:14     | Found a gate to the Vaults.
 71436 | Vaults:1 | Entered Level 1 of the Vaults
 71675 | Orc:2    | Bought the ring "Put-Me-On" {rC++ Str+2 SInv} for 611 gold
                  | pieces
 72790 | D:14     | Learned a level 8 spell: Chain Lightning
 73462 | Vaults:1 | Learned a level 9 spell: Absolute Zero
 74122 | Vaults:1 | Noticed Donald
 74131 | Vaults:1 | Killed Donald
 75069 | Vaults:2 | Got a steaming robe
 75071 | Vaults:2 | Identified the +0 robe of Impermeability {rF+ rN+ Dex-5
                  | Stlth+} (You found it on level 2 of the Vaults)
 75506 | Vaults:2 | Reached skill level 10 in Shields
 76028 | Vaults:2 | Noticed Sojobo
 76068 | Vaults:2 | Killed Sojobo
 76068 | Vaults:2 | Reached XP level 21. HP: 102/134 MP: 25/40
 77586 | Vaults:2 | Noticed Bai Suzhen
 77611 | Vaults:2 | Killed Bai Suzhen
 78324 | Vaults:2 | Found a staircase to the Crypt.
 78324 | Vaults:2 | Found an ancient bone altar of Kikubaaqudgha.
 78325 | Vaults:2 | Found a basalt altar of Yredelemnul.
 80048 | Vaults:3 | Reached skill level 15 in Spellcasting
 80311 | Vaults:3 | Found Jetaeci's Weapon Boutique.
 81283 | Vaults:4 | Noticed Mara
 81298 | Vaults:4 | Noticed vurker's illusion
 81486 | Vaults:4 | Reached XP level 22. HP: 122/140 MP: 42/42
 81501 | Vaults:4 | HP: 1/140 [frost giant/bolt of cold (11)]
 81502 | Vaults:4 | Killed from afar by a frost giant

Illustrated notes

Levels and vault maps discovered:
D:1:      dpeg_arrival_signposts, layout_basic
D:2:      layout_basic, lemuel_crystal_altar, chequers_serial_rivers_micro_b,
          uniq_natasha
D:3:      kennysheep_big_flooded_room, layout_basic,
          nicolae_gozag_cash_rules_everything_around_me,
          grunt_temple_overflow_open, trog_wizard
D:4:      layout_basic, first_ration, serial_shops, shop,
          okawaru_altar_gauntlet_db, uniq_crazy_yiuf_cottage
D:5:      layout_basic, ebering_ghost_inner_flame, fedhas_altar_fruit_tree,
          uniq_edmund, uniq_menkaure, uniq_grinder
D:6:      layout_basic, minitemple, serial_shops, nicolae_shop_behind_doors,
          uniq_prince_ribbit1
D:7:      hangedman_cross_stitches, layout_gridville,
          minmay_temple_entry_poolview, grunt_livestock,
          minmay_fractal_squares_gapless_5, uniq_pikel
D:8:      layout_basic, serial_shops, nicolae_shop_trees, uniq_psyche
D:9:      layout_roguey, kennysheep_mini, grunt_lair_entry_orc_guard_hut,
          centaur_isle
D:10:     layout_roguey, orc_0_dummy, serial_shops, nicolae_shop_waterfront
D:11:     minmay_the_grid_3x3 [minmay_the_grid_tri_star,
          minmay_the_grid_dragon_b, minmay_the_grid_minigrid_medium,
          minmay_the_grid_outer_circle, minmay_the_grid_tree,
          minmay_the_grid_slots, minmay_the_grid_holed_spiral,
          minmay_the_grid_embedded, minmay_the_grid_prize_trominoes],
          layout_layer_cave, portal_ice_cave_entry_imps, uniq_maurice
D:12:     layout_small_grid
D:13:     layout_cave_pools, basic_altar, minmay_nine_imps, uniq_josephine
D:14:     layout_loops_ring, david_vaults_5, serial_shops,
          nicolae_shop_temple_entry_statues_fountains, lemuel_blue_sif_altar,
          minivault_4, jmf_multi_god_temple
D:15:     gammafunk_enter_depths_forms, layout_irregular_city, serial_shops,
          nicolae_shop_behind_doors, fountainhead, uniq_jorgrun
Lair:1:   layout_cave_pods, gammafunk_ghost_necromancy, st_stairs_12,
          patterned_corridor, infiniplex_staircase_pool_2, uniq_gastronok,
          uniq_urug
Lair:2:   layout_roguey, spider_nest_entry_web_field, gauntlet_entry_generic,
          serial_bayou_shore_b, uniq_fannar
Lair:3:   layout_regular_city, lemuel_fruit_tree, grunt_megastairs_4
Lair:4:   layout_regular_city, minmay_swamp_entry_swarm,
          ebering_ghost_rock_garden, nicolae_quartered_pool_super,
          bobbens_ice_dragon_lair, serial_bayou_shore_b, lemuel_fruit_fields
Lair:5:   layout_misc_corridors, beast_lair_carwin_9, uniq_nessos, uniq_sonja
Lair:6:   gammafunk_lair_ancient_temple, layout_gridlike, slime_altar_1
Swamp:1:  layout_basic_swamp, nicolae_swamp_little_tower
Swamp:2:  layout_basic_swamp, evilmike_swamp_ruin_house_5
Swamp:3:  layout_basic_swamp, evilmike_swamp_ruin_house_4, uniq_nikola
Swamp:4:  swamp_fiery, layout_basic_swamp
Spider:1: layout_chambers, drop_trap, uniq_agnes
Spider:2: layout_spider_delve, nicolae_orb_stairs
Spider:3: layout_spider_delve
Spider:4: guppyfry_spider_rune, nicolae_spider_circle_web, drop_trap,
          hangedman_stitches_earthworm
Orc:1:    layout_caves, minmay_orc_treasury
Orc:2:    st_orc_mages, layout_diamond_mine, mines2_david, uniq_erolcha
Elf:1:    eino_elf_arrival_shootout, layout_gridlike, evilmike_minifort,
          grunt_megastairs_3, minmay_shoptagon
Elf:2:    layout_gridlike, ebering_ghost_inner_flame, serial_shops,
          nicolae_shop_crystal
Elf:3:    minmay_elf_hall_spiked, layout_geoelf_grid
Vaults:1: nicolae_vaults_stairing_the_circle, vaults_room_fours,
          hangedman_vaults_pinch, nicolae_vaults_windows_and_doors_thing,
          ontoclasm_vaults_misaligned, v_misc_19, vaults_room_semicircle,
          hangedman_vaults_restitches, hangedman_vaults_maws,
          grunt_vaults_diagonal, vaults_room_fancy_cross,
          layout_vaults_big_room, uniq_donald
Vaults:2: vaults_mumra_minichess_inversion, v_misc_26, v_misc_23,
          nicolae_vaults_rhombus_5, hangedman_vaults_nodes, st_cells,
          vaults_room_large_hall, ontoclasm_vaults_hangar,
          minmay_crypt_entry_necro_gods, hangedman_vaults_stitches, v_misc_25,
          hangedman_vaults_slice, layout_vaults_omnibox, uniq_sojobo,
          uniq_bai_suzhen
Vaults:3: nicolae_vaults_angled_halls, vaults_room_stairs_pillars,
          nicolae_vaults_display_case, vaults_dpeg_diagonal,
          nicolae_vaults_little_squares_4, layout_vaults_omnigrid, serial_shops,
          shop
Vaults:4: ontoclasm_vaults_tryst, nicolae_vaults_network_star,
          nicolae_vaults_twisting_passages, vaults_mumra_minichess,
          ontoclasm_vaults_gateway, hangedman_vaults_nails,
          hangedman_vaults_impose, v_misc_3, nicolae_vaults_big_ls,
          ontoclasm_vaults_claustrophobia, nicolae_vaults_circle_grid_a,
          ontoclasm_vaults_fault, nicolae_vaults_rhombus_5, sword_in_stone,
          layout_vaults_ring, serial_shops, bzr_entry_road, uniq_mara,
          uniq_boris

Skill      XL: |  1  2  3  4  5  6  7  8  9 10 11 12 13 14 15 16 17 18 19 20 21 |
---------------+----------------------------------------------------------------+-----
Conjurations   | 2 3 4 5 6 8 9 10 11 14 15 | 15.0
Fighting       | 1 2 3 4 6 7 8 9 11 12 13 14 15 | 15.3
Air Magic      | 5 6 7 8 10 11 13 14 16 18 20 21 22 23 24 | 24.7
Spellcasting   | 3 4 5 6 7 9 10 11 12 13 14 15 | 15.1
Shields        | 1 4 7 10 12 | 12.4
Dodging        | 5 6 7 9 10 | 10.0
Poison Magic   | 1 5 |  5.0
Ice Magic      | 5 8 10 11 13 | 13.2
Stealth        | |  2.0

Action                   |  1- 3 |  4- 6 |  7- 9 | 10-12 | 13-15 | 16-18 | 19-21 | 22-24 || total
-------------------------+-------+-------+-------+-------+-------+-------+-------+-------++-------
Melee: Unarmed           |     3 |       |       |       |       |       |       |       ||     3
       Kick              |     3 |       |     3 |    14 |    42 |    19 |     6 |       ||    87
       Dagger            |     5 |       |       |       |       |       |       |       ||     5
       Peck              |     1 |       |       |    12 |    27 |    14 |     4 |       ||    58
       Mace              |       |       |    12 |    43 |   119 |    29 |    27 |       ||   230
       War axe           |       |       |       |       |     3 |       |       |       ||     3
       Staff             |       |       |       |       |       |    38 |       |       ||    38
 Cast: Shock             |    83 |   117 |    91 |    53 |    26 |       |       |       ||   370
       Airstrike         |       |     4 |    76 |   355 |   986 |   281 |       |       ||  1702
       Lightning Bolt    |       |       |       |     3 |    23 |       |       |       ||    26
       Conjure Ball Ligh |       |       |       |       |    12 |    30 |       |       ||    42
       Olgreb's Toxic Ra |       |       |       |       |       |   246 |       |       ||   246
       Orb of Destructio |       |       |       |       |       |   110 |   107 |       ||   217
       Ozocubu's Refrige |       |       |       |       |       |   241 |   275 |     3 ||   519
       Tornado           |       |       |       |       |       |     6 |    42 |     1 ||    49
       Chain Lightning   |       |       |       |       |       |       |   148 |       ||   148
 Abil: Fly               |       |     1 |       |     1 |       |       |       |       ||     2
       Stop Flying       |       |       |       |     1 |       |       |       |       ||     1
Evoke: Wand              |       |       |     3 |     7 |    15 |    10 |     1 |       ||    36
  Use: Potion            |     1 |       |       |       |       |     6 |     2 |       ||     9
       Scroll            |       |     7 |     3 |    16 |    10 |     9 |    18 |       ||    63
  Eat: Ration            |     1 |     3 |     4 |    10 |    17 |    19 |    16 |       ||    70
Armor: Robe              |     3 |     7 |     8 |    20 |    69 |    41 |    46 |       ||   194
Dodge: Dodged            |    15 |    16 |    30 |    66 |   241 |   210 |    80 |     2 ||   660
Block: Buckler           |       |       |       |    38 |   222 |   177 |    20 |       ||   457
       Reflection        |       |       |       |     7 |    21 |     4 |    72 |       ||   104
       Other             |       |       |       |     3 |       |       |       |       ||     3
       Kite shield       |       |       |       |       |       |       |   241 |     1 ||   242

Table legend:
 A = Non-vault XP
 B = Vault XP
 C = Vault XP percentage of total XP
 D = Non-vault monster count
 E = Vault monster count
 F = Vault count percentage of total count
                 A         B        C        D         E       F
            +---------+---------+-------+---------+---------+-------
      Total |  362958 |  233551 |  39.2 |    1131 |     478 |  29.7
            +---------+---------+-------+---------+---------+-------
        D:1 |      35 |       0 |   0.0 |      18 |       0 |   0.0
        D:2 |     118 |      35 |  22.9 |      20 |       1 |   4.8
        D:3 |     148 |      15 |   9.2 |      25 |       2 |   7.4
        D:4 |     165 |     116 |  41.3 |      11 |       7 |  38.9
        D:5 |     553 |     599 |  52.0 |      25 |       3 |  10.7
        D:6 |     361 |    1136 |  75.9 |      13 |       3 |  18.8
        D:7 |     748 |    1485 |  66.5 |      22 |      16 |  42.1
        D:8 |    2011 |     439 |  17.9 |      24 |       1 |   4.0
        D:9 |    1628 |    1075 |  39.8 |      39 |      10 |  20.4
       D:10 |    3548 |       0 |   0.0 |      23 |       0 |   0.0
       D:11 |    2910 |    8638 |  74.8 |      14 |      40 |  74.1
       D:12 |    9358 |     202 |   2.1 |      54 |       1 |   1.8
       D:13 |   10688 |    2033 |  16.0 |      48 |      13 |  21.3
       D:14 |    6918 |    8697 |  55.7 |      26 |      16 |  38.1
       D:15 |   16726 |    7285 |  30.3 |      43 |      12 |  21.8
     Lair:1 |    3393 |    3525 |  51.0 |      18 |       3 |  14.3
     Lair:2 |    5404 |    1002 |  15.6 |      22 |       1 |   4.3
     Lair:3 |    6747 |     292 |   4.1 |      25 |       2 |   7.4
     Lair:4 |    4049 |    1878 |  31.7 |      16 |       9 |  36.0
     Lair:5 |    4853 |    3336 |  40.7 |      20 |       6 |  23.1
     Lair:6 |    8927 |    7615 |  46.0 |      29 |      23 |  44.2
    Swamp:1 |   11752 |       0 |   0.0 |      22 |       0 |   0.0
    Swamp:2 |    6377 |       0 |   0.0 |      20 |       0 |   0.0
    Swamp:3 |   12323 |    4260 |  25.7 |      28 |       1 |   3.4
    Swamp:4 |    7135 |   14688 |  67.3 |      24 |      20 |  45.5
   Spider:1 |   12714 |    1979 |  13.5 |      35 |       1 |   2.8
   Spider:2 |   15747 |    2868 |  15.4 |      39 |       5 |  11.4
   Spider:3 |   19149 |    4250 |  18.2 |      47 |      10 |  17.5
   Spider:4 |   19388 |   22465 |  53.7 |      52 |      36 |  40.9
      Orc:1 |    1919 |    8108 |  80.9 |      18 |      43 |  70.5
      Orc:2 |    4710 |    6232 |  57.0 |      46 |      53 |  53.5
      Elf:1 |    9598 |   11764 |  55.1 |      17 |      20 |  54.1
      Elf:2 |   26524 |     583 |   2.2 |      44 |       1 |   2.2
      Elf:3 |   13789 |   40725 |  74.7 |      22 |      30 |  57.7
   Vaults:1 |   32842 |   12074 |  26.9 |      61 |      32 |  34.4
   Vaults:2 |   17065 |   40451 |  70.3 |      27 |      38 |  58.5
   Vaults:3 |   51126 |    4240 |   7.7 |      76 |       5 |   6.2
   Vaults:4 |    6667 |    9461 |  58.7 |      11 |      14 |  56.0
    Abyss:3 |    4845 |       0 |   0.0 |       7 |       0 |   0.0
            +---------+---------+-------+---------+---------+-------
